 Dungeon Crawl Stone Soup version 0.22-a0-482-g76e0a5f51a (webtiles) character file.

407 Anathary the Covert (level 6, 0/42 HPs)
             Began as an Octopode Assassin on June 17, 2018.
             Slain by an orc
             ... wielding a +0 flail
              (3 damage)
             ... on level 3 of the Dungeon.
             The game lasted 00:12:07 (3811 turns).

Anathary the Covert (Octopode Assassin)             Turns: 3811, Time: 00:12:10

Health: 0/42       AC:  1    Str: 10    XL:     6   Next: 88%
Magic:  6/6        EV: 17    Int: 13    God:
Gold:   186        SH:  0    Dex: 16    Spells: 5/5 levels left

rFire    . . .     SeeInvis .   a - +2 dagger
rCold    . . .     Gourm    .   (no shield)
rNeg     . . .     Faith    .   (helmet restricted)
rPois    .         Spirit   .   (no amulet)
rElec    .         Reflect  .   m - +3 ring of evasion
rCorr    .         Harm     .   (no ring)
MR       .....                  (no ring)
Stlth    +++++.....             (no ring)
HPRegen  0.14/turn              (no ring)
MPRegen  0.10/turn              (no ring)
                                (no ring)
                                (no ring)

@: no status effects
A: almost no armour, stealthy swim, amphibious, 8 rings, constrict 8, camouflage
1, gelatinous body 1
a: no special abilities


You were on level 3 of the Dungeon.
You were not hungry.

You visited 1 branch of the dungeon, and saw 3 of its levels.

You collected 186 gold pieces.

Inventory:

Hand Weapons
 a - a +2 dagger (weapon)
 b - a +0 blowgun
 k - a +2 dagger of venom
Missiles
 c - 8 poisoned needles
 d - 2 curare-tipped needles
Jewellery
 m - a +3 ring of evasion (left tentacle)
Scrolls
 e - a scroll of remove curse {unknown}
 i - 3 scrolls of teleportation
Potions
 g - 2 potions of flight {unknown}
 h - a potion of cancellation {unknown}
 j - 4 potions of heal wounds {unknown}
 n - a potion of lignification {unknown}
 o - a potion of mutation {unknown}
Comestibles
 f - 5 rations


   Skills:
 + Level 3.2 Fighting
 + Level 3.7 Short Blades
 - Level 2.0 Throwing
 + Level 2.0 Dodging
 + Level 8.9 Stealth


You had 5 spell levels left.
You didn't know any spells.
Your spell library was empty.

Dungeon Overview and Level Annotations

Branches:
Dungeon (3/15)

Altars:
Fedhas
Hepliaklqana


Innate Abilities, Weirdness & Mutations

You cannot wear most types of armour.
You are very stealthy in the water. (Stealth+)
You are amphibious.
You can wear up to eight rings at the same time.
You can use your tentacles to constrict eight enemies at once.
Your skin changes colour to match your surroundings (Stealth+).
Your rubbery body absorbs attacks. (AC +1, EV +1)


Message History

The orc priest is severely wounded.
You constrict the orc priest. The orc closely misses you.
The orc priest invokes the aid of Beogh against you.
Beogh smites you!
* * * LOW HITPOINT WARNING * * *
You hit the orc priest but do no damage.
The orc priest is severely wounded.
You constrict the orc priest, but do no damage.
The orc barely misses you.
You hit the orc priest but do no damage.
The orc priest is severely wounded.
You constrict the orc priest. The orc priest completely misses you.
The orc hits you but does no damage. The orc barely misses you.
You hit the orc priest but do no damage.
The orc priest is almost dead.
You constrict the orc priest. The orc closely misses you.
The orc priest hits you with a hand axe.
* * * LOW HITPOINT WARNING * * *
The orc hits you with a flail.
You die...

#........# #.# ##.#
*...o...,* ##'## ###
**#...#*** ##...##
*#o#### ##..)..##
#.##.## ##.......##
#.#...####.........##
#.....รท..'.........'.
#.#ooo####.........##
#)##@## ##.......##
#.[..# ##.....##
####.# ##...## #.#
##'## #.# #.# #.# #.#
##.## ##.##
#...#######...##
#..............#


You could see an orc priest and 2 orcs.

Vanquished Creatures
  A bullfrog (D:3)
  A scorpion (D:3)
  A hound (D:3)
  An orc wizard (D:3)
  Jessica (D:3)
  Natasha (D:3)
  7 gnolls (D:3)
  3 adders
  4 worms
  2 dart slugs
  2 leopard geckos
  5 orcs (D:3)
  8 goblins
  2 hobgoblins
  4 jackals (D:2)
  3 quokkas
  6 bats
  5 frilled lizards
  15 kobolds
  8 rats
80 creatures vanquished.

Notes
Turn   | Place    | Note
-------+----------+-------------------------------------------
     0 | D:1      | Anathary the Octopode Assassin began the quest for the Orb.
     0 | D:1      | Reached XP level 1. HP: 14/14 MP: 1/1
   352 | D:1      | Reached XP level 2. HP: 16/19 MP: 2/2
   953 | D:1      | Reached skill level 6 in Stealth
  1230 | D:2      | Reached XP level 3. HP: 9/24 MP: 3/3
  1513 | D:2      | Found a blossoming altar of Fedhas.
  1911 | D:2      | Reached XP level 4. HP: 30/30 MP: 4/4
  2223 | D:3      | Reached skill level 7 in Stealth
  2815 | D:3      | Reached XP level 5. HP: 35/35 MP: 5/5
  3099 | D:3      | Found a hazy altar of Hepliaklqana.
  3111 | D:3      | Noticed Jessica
  3114 | D:3      | Killed Jessica
  3150 | D:3      | Noticed Natasha
  3157 | D:3      | Killed Natasha
  3175 | D:3      | Reached skill level 8 in Stealth
  3175 | D:3      | Reached XP level 6. HP: 14/42 MP: 6/6
  3811 | D:3      | Slain by an orc

Vault maps used:
D:1:      dpeg_arrival_subterranean_lakeside_camping, minmay_tetromino_s2
D:2:      first_ration, fedhas_altar_1
D:3:      nicolae_overflow_crystal_walls, glass_columns_a, uniq_jessica,
          uniq_natasha

Skill      XL: |  1  2  3  4  5  6 |
---------------+-------------------+-----
Stealth        | 6 7 8 |  8.9
Short Blades   | 3 |  3.7
Fighting       | 3 |  3.2
Dodging        | 2 |  2.0
Throwing       | |  2.0

Action                   |  1- 3 |  4- 6 || total
-------------------------+-------+-------++-------
Melee: Dagger            |    82 |    91 ||   173
       Constrict         |    21 |    21 ||    42
       Tentacles         |    12 |    17 ||    29
  Use: Scroll            |       |     4 ||     4
 Stab: Sleeping          |    10 |    16 ||    26
  Eat: Ration            |     1 |     1 ||     2
       Chunk             |       |     2 ||     2
Armor: Skin              |     5 |     1 ||     6
Dodge: Dodged            |    46 |    51 ||    97

Table legend:
 A = Spawn XP
 B = Non-spawn XP
 C = Spawn XP percentage of total XP
 D = Spawn monster count
 E = Non-spawn monster count
 F = Spawn count percentage of total count
 G = Total turns spent on level
                    A         B        C        D         E        F      G
               +---------+---------+-------+---------+---------+-------+---------
         Total |       0 |     582 |   0.0 |       0 |      80 |   0.0 |  3811
               +---------+---------+-------+---------+---------+-------+---------
           D:1 |       0 |      29 |   0.0 |       0 |      19 |   0.0 |  1211
           D:2 |       0 |      67 |   0.0 |       0 |      29 |   0.0 |   979
           D:3 |       0 |     486 |   0.0 |       0 |      32 |   0.0 |  1621
               +---------+---------+-------+---------+---------+-------+---------
